 Dungeon Crawl Stone Soup version 0.27-a0-1528-g90fbb72469 (webtiles) character file.

Game seed: 13312037603804096661

38 Morbidden the Conjurer (level 3, 0/36 HPs)
             Began as a Demonspawn Conjurer on July 11, 2021.
             Slain by a goblin (3 damage)
             ... led by Robin
             ... on level 2 of the Dungeon.
             The game lasted 00:02:26 (1582 turns).

Morbidden the Conjurer (Demonspawn Conjurer)        Turns: 1582, Time: 00:02:27

Health: 0/36       AC:  3    Str:  7    XL:     3   Next: 25%
Magic:  6/6        EV: 12    Int: 20    God:
Gold:   35         SH:  0    Dex: 13    Spells: 3/6 levels left

rFire    . . .     SeeInvis .   a - +0 short sword
rCold    . . .     Faith    .   (no shield)
rNeg     + . .     Spirit   .   f - +0 robe
rPois    .         Reflect  .   (no helmet)
rElec    .         Harm     .   (no cloak)
rCorr    .         Rampage  .   (no gloves)
Will     .....                  c - +0 pair of boots
Stlth    ..........             (no amulet)
HPRegen  0.12/turn              d - ring of positive energy
MPRegen  0.10/turn              (no ring)

@: berserking, very quick
A: thin skeletal structure 1
a: no special abilities


You were on level 2 of the Dungeon.
You visited 1 branch of the dungeon, and saw 2 of its levels.

You collected 35 gold pieces.

Inventory:

Hand Weapons
 a - a +0 short sword (weapon)
Armour
 c - a +0 pair of boots (worn)
 f - a +0 robe (worn)
Jewellery
 d - a ring of positive energy (left hand)
Scrolls
 b - a scroll of silence {unknown}
 e - a scroll of magic mapping {unknown}
 h - a scroll of identify {unknown}


   Skills:
 * Level 0.1 Fighting
 * Level 1.9 Dodging
 + Level 2.3 Stealth
 * Level 2.1 Spellcasting
 * Level 4.6 Conjurations


You had 3 spell levels left.
You knew the following spells:

 Your Spells              Type           Power      Damage    Failure   Level
a - Magic Dart            Conj           80%        1d7       2%          1
b - Searing Ray           Conj           40%        3d4       3%          2

Your spell library contained the following spells:

 Spells                   Type           Power      Damage    Failure   Level
 Dazzling Flash           Conj/Hex       22%        N/A       19%         3
 Fulminant Prism          Conj/Hex       5%         3d7       52%         4
 Iskenderun's Mystic Bla  Conj/Tloc      11%        2d4       52%         4


Dungeon Overview and Level Annotations

Branches:
Dungeon (2/15)

Altars:

Annotations:
D:2 Robin


Innate Abilities, Weirdness & Mutations

You have a somewhat thin skeletal structure. (Dex +2, Stealth+)


Message History

The goblin misses you. The goblin hits you with a +0 dagger.
You hit the goblin.
The goblin is severely wounded.
The goblin closely misses you. The goblin hits you but does no damage.
The goblin hits you with a +0 dagger.
You barely miss the goblin.
The goblin is heavily wounded.
The goblin hits you but does no damage. Robin throws the goblin at you!
The goblin closely misses you. The goblin hits you with a +0 dagger.
The goblin completely misses you.
Unknown command.
Unknown command.
Unknown command.
Unknown command.
Unknown command.
Unknown command.
You aren't carrying any items that you can evoke.
You aren't carrying any items that you can evoke.
Unknown command.
Okay, then.
It was a potion of berserk rage.
A red film seems to cover your vision as you go berserk!
You feel yourself moving faster!
You feel mighty! The goblin closely misses you.
The goblin hits you with a +0 dagger.
* * * LOW HITPOINT WARNING * * *
The goblin barely misses you. The goblin hits you with a +0 club.
* * * LOW HITPOINT WARNING * * *
Unknown command.
Unknown command.
Unknown command.
You closely miss the goblin.
The goblin is heavily wounded.
The goblin hits you with a +0 club.
* * * LOW HITPOINT WARNING * * *
The goblin hits you but does no damage. x2
Unknown command.
You puncture the goblin!
You kill the goblin!
The goblin hits you with a +0 club.
You die...

###### ## #....## ...
##..#..### .... .........#
.....
...###.#.############......
...>...........)@gggggg....
#.#.####.#######ggg##......
.........# #g..# +####
#.#.###### .....# #.#.#
.......# #.#.### ##
#.....### ...... .. +......
#.#.. .# #.....# #.#.#.#


You could see Robin, 3 hobgoblins and 6 goblins.

Vanquished Creatures
  An adder (D:2)
  2 endoplasms
  2 giant cockroaches (D:1)
  4 goblins
  A hobgoblin (D:1)
  4 jackals (D:1)
  2 quokkas
  2 ball pythons
  4 bats (D:1)
  A frilled lizard (D:1)
  2 kobolds (D:1)
  3 rats (D:1)
28 creatures vanquished.

Vanquished Creatures (others)
  3 plants (D:1)
3 creatures vanquished.

Grand Total: 31 creatures vanquished

Notes
Turn   | Place    | Note
-------+----------+-------------------------------------------
     0 | D:1      | Morbidden the Demonspawn Conjurer began the quest for the
                  | Orb.
     0 | D:1      | Reached XP level 1. HP: 13/13 MP: 3/3
   307 | D:1      | Gained mutation: You have a somewhat thin skeletal
                  | structure. (Dex +2, Stealth+) [demonic ancestry]
   307 | D:1      | Reached XP level 2. HP: 13/19 MP: 0/5
   550 | D:1      | Learned a level 2 spell: Searing Ray
  1372 | D:2      | Reached XP level 3. HP: 24/24 MP: 2/6
  1574 | D:2      | Noticed Robin
  1582 | D:2      | Slain by a goblin

Illustrated notes

Levels and vault maps discovered:
D:1:      tarquinn_simple_flora_water_b, layout_loops_ring
D:2:      layout_basic, dreamdust_ecumenical_altar_hidden_monk_grotto,
          kennysheep_nondescript, chequers_mini_garden,
          wander_ebering_terrifying_dragon_lair, uniq_sigmund, uniq_robin

Skill      XL: |  1  2 |
---------------+-------+-----
Stealth        | 2 |  2.3
Fighting       | |  0.1
Dodging        | |  1.9
Spellcasting   | |  2.1
Conjurations   | |  4.6

Action                   || total
-------------------------++-------
Melee: Unarmed           ||    18
       Short sword       ||     4
 Cast: Magic Dart        ||    48
       Searing Ray       ||     2
  Use: Potion            ||     3
Armor: Robe              ||    10
Dodge: Dodged            ||    37

Table legend: (Time is in decaauts)
 A = Elapsed time spent in this place.
 B = Non-inter-level travel time spent in this place.
 C = Inter-level travel time spent in this place.
 D = Time resting spent in this place.
 E = Time spent auto-exploring this place.
 F = Levels seen in this place.
 G = Mean time per level.
                   A        B        C        D        E       F      G
               +--------+--------+--------+--------+--------+-----+--------+
         Total |   1562 |   1456 |    106 |      9 |   1277 |   2 |  781.0 |
       Dungeon |   1562 |   1456 |    106 |      9 |   1277 |   2 |  781.0 |
               +--------+--------+--------+--------+--------+-----+--------+

Top non-repeatable levels by time:
     D:1: 1317 daAuts
     D:2: 245 daAuts
